 Dungeon Crawl Stone Soup version 0.29-a0-555-g3b24f45cc1 (webtiles) character file.

Game seed: 8716954800400706472

391 valliere the Slasher (level 6, -1/52 (55) HPs)
             Began as a Draconian Monk on June 8, 2022.
             Slain by a black bear (5 damage)
             ... on level 5 of the Dungeon.
             The game lasted 00:13:12 (4797 turns).

valliere the Slasher (Draconian Monk)               Turns: 4797, Time: 00:13:13

HP:   -1/52 (55)    AC:  7    Str: 15    XL:     6   Next: 50%
MP:   6/6           EV: 13    Int: 11    God:
Gold: 189           SH:  0    Dex: 15    Spells: 5/5 levels left

rFire   . . .      SeeInvis .   a - +0 falchion
rCold   . . .      Faith    .   (no shield)
rNeg    . . .      Spirit   .   (body armour unavailable)
rPois   .          Reflect  .   (helmet restricted)
rElec   .          Harm     .   (no cloak)
rCorr   .          Rampage  .   (no gloves)
Will    .....                   b - +0 pair of boots
Stlth   ++........              (no amulet)
HPRegen 0.17/turn               (no ring)
MPRegen 0.10/turn               (no ring)

@: drained
A: AC +6, unfitting armour, cold-blooded, strong 1
a: no special abilities


You were on level 5 of the Dungeon.
You visited 1 branch of the dungeon, and saw 5 of its levels.

You collected 189 gold pieces.

Inventory:

Hand Weapons
 a - a +0 falchion (weapon)
 m - a +2 vampiric dagger
Armour
 b - a +0 pair of boots (worn)
 s - a +1 helmet
Wands
 u - a wand of paralysis (7)
Scrolls
 c - 3 scrolls of teleportation {unknown}
 d - 2 scrolls of blinking
 e - 3 scrolls of identify {unknown}
 f - a scroll of noise {unknown}
 g - a scroll of acquirement {unknown}
 j - a scroll of poison {unknown}
 l - a scroll of fog {unknown}
 o - a scroll of fear {unknown}
 q - a scroll of enchant weapon {unknown}
 r - 2 scrolls of vulnerability {unknown}
 t - a scroll of silence {unknown}
Potions
 h - a potion of heal wounds {unknown}
 i - a potion of cancellation {unknown}
 k - a potion of flight {unknown}
 n - a potion of degeneration {unknown}
 p - a potion of berserk rage


   Skills:
 + Level 4.9 Fighting
 * Level 5.6 Long Blades
 + Level 4.0 Dodging
 - Level 1.7 Stealth


You had 5 spell levels left.
You didn't know any spells.
Your spell library contained the following spells:

 Spells                   Type           Power      Damage    Failure   Level
 Shock                    Conj/Air       0%         1d3       34%         1
 Poisonous Vapours        Pois/Air       0%         N/A       47%         2
 Ozocubu's Armour         Ice            0%         N/A       71%         3
 Swiftness                Air            0%         N/A       71%         3
 Airstrike                Air            0%         N/A       98%         4
 Corpse Rot               Necr/Pois/Air  0%         N/A       98%         4
 Ozocubu's Refrigeration  Ice            0%         4d5       100%        7


Dungeon Overview and Level Annotations

Branches:
Dungeon (5/15)             Temple (0/1) D:5

Altars:
Fedhas

Shops:
D:4 *


Innate Abilities, Weirdness & Mutations

Your plain brown scales are hard. (AC +6)
You cannot fit into any form of body armour.
You are cold-blooded and may be slowed by cold attacks.
Your muscles are strong. (Str +2)


Message History

You slash the orc priest!
You kill the orc priest!
You don't know any spells.
Sorry, you're not good enough to have a special ability.
You hit the black bear but do no damage.
You tail-slap the black bear, but do no damage.
The black bear bites you but does no damage.
The black bear claws you but does no damage. x2
You slash the black bear!
The black bear is moderately wounded.
The black bear bites you. The black bear barely misses you. x2
You slash the black bear!
The black bear is heavily wounded.
The black bear closely misses you. The black bear claws you.
The black bear claws you but does no damage.
You hit the black bear but do no damage.
Your tail-slap misses the black bear.
The black bear is heavily wounded.
The black bear misses you. The black bear barely misses you.
The black bear misses you.
You slash the black bear!
The black bear is severely wounded.
The black bear closely misses you.
The black bear claws you but does no damage.
The black bear completely misses you.
You hit the black bear.
The black bear is almost dead.
The black bear goes berserk!
You hit the black bear. You tail-slap the black bear.
The black bear is almost dead.
The black bear bites you!
* * * LOW HITPOINT WARNING * * *
The black bear barely misses you.
The black bear claws you but does no damage.
You completely miss the black bear.
The black bear is almost dead.
The black bear bites you!
* * * LOW HITPOINT WARNING * * *
The black bear claws you.
You die...

###########
#.........#
#...>...(.#
#.........#
###
#....<....#
..#
#.........#
..#
#.h@..?...#
..#
#..........#
..#
#.##.#######
..#### ...
..#
.....#####..#
#.##
...#.......#
#.
..g........
#.
..#.#....l.
#.
...........


You could see a black bear (berserk).

Vanquished Creatures
  A scorpion (D:4)
  A jelly (D:4)
  2 orc priests
  2 hounds (D:4)
  6 gnolls
  4 adders
  A worm (D:3)
  2 dart slugs (D:4)
  8 orcs
  7 ball pythons
  6 bats
  10 endoplasms
  7 giant cockroaches
  4 hobgoblins
  2 jackals (D:4)
  3 quokkas
  A frilled lizard (D:3)
  A goblin (D:2)
  8 kobolds
  5 rats
81 creatures vanquished.

Notes
Turn   | Place    | Note
-------+----------+-------------------------------------------
     0 | D:1      | valliere the Draconian Monk began the quest for the Orb.
     0 | D:1      | Reached XP level 1. HP: 19/19 MP: 1/1
   541 | D:1      | Reached XP level 2. HP: 26/26 MP: 2/2
   859 | D:2      | Found a faded altar of an unknown god.
   920 | D:2      | Reached XP level 3. HP: 15/33 MP: 3/3
  1196 | D:2      | Reached skill level 4 in Long Blades
  1402 | D:2      | Reached XP level 4. HP: 27/40 MP: 4/4
  2284 | D:3      | Reached XP level 5. HP: 32/46 MP: 5/5
  2418 | D:3      | You fall into a shaft and drop 2 floors!
  2418 | D:5      | Entered Level 5 of the Dungeon
  2643 | D:3      | Identified the +1 robe "Qezxoyse" {Will+}
  3035 | D:4      | Found a blossoming altar of Fedhas.
  3059 | D:4      | Gained mutation: You are resistant to electric shocks.
                  | (rElec) [potion of mutation]
  3059 | D:4      | Gained mutation: Your body sometimes deteriorates upon
                  | taking damage. [potion of mutation]
  3059 | D:4      | Lost mutation: Your body sometimes deteriorates upon taking
                  | damage. [potion of mutation]
  3061 | D:4      | HP: 3/69 [gnoll/+0 spear (1)]
  3349 | D:4      | Lost mutation: You are resistant to electric shocks.
                  | (rElec) [potion of mutation]
  3349 | D:4      | Gained mutation: Your magical capacity is low. (-10% MP)
                  | [potion of mutation]
  3454 | D:4      | Lost mutation: Your magical capacity is low. (-10% MP)
                  | [potion of mutation]
  3454 | D:4      | Gained mutation: You tend to lose your temper in combat.
                  | [potion of mutation]
  3454 | D:4      | Gained mutation: Your muscles are strong. (Str +2) [potion
                  | of mutation]
  3455 | D:4      | Lost mutation: You tend to lose your temper in combat.
                  | [potion of mutation]
  3455 | D:4      | Lost mutation: Your muscles are strong. (Str +2) [potion of
                  | mutation]
  3455 | D:4      | Gained mutation: Your muscles are strong. (Str +2) [potion
                  | of mutation]
  3518 | D:4      | Reached skill level 5 in Long Blades
  3939 | D:4      | Reached XP level 6. HP: 53/53 MP: 6/6
  4189 | D:4      | Found Wiwium's Lightly-Used Armoury.
  4361 | D:5      | Found a staircase to the Ecumenical Temple.
  4797 | D:5      | Slain by a black bear

Illustrated notes

Levels and vault maps discovered:
D:1:      matt_arrival_los_fun, layout_rooms
D:2:      layout_rooms, nicolae_ecumenical_pavilion
D:3:      layout_basic
D:4:      layout_loops_ring, mainiacjoe_overflow_small_starburst,
          minmay_shop_damaged
D:5:      layout_rooms, minmay_temple_entry_sparse_star, interstate_on_off

Skill      XL: |  1  2  3  4  5  6 |
---------------+-------------------+-----
Dodging        | 3 4 |  4.0
Long Blades    | 4 5 |  5.6
Fighting       | 4 |  4.9
Stealth        | |  1.7

Action                   |  1- 3 |  4- 6 || total
-------------------------+-------+-------++-------
Melee: Falchion          |    98 |   196 ||   294
       Tailslap          |    12 |    34 ||    46
       Punch             |     1 |     2 ||     3
  Use: Potion            |       |     6 ||     6
       Scroll            |       |     1 ||     1
 Stab: Sleeping          |     2 |     7 ||     9
Armor: Skin              |    38 |    60 ||    98
Dodge: Dodged            |    73 |   156 ||   229

Table legend: (Time is in decaauts)
 A = Elapsed time spent in this place.
 B = Non-inter-level travel time spent in this place.
 C = Inter-level travel time spent in this place.
 D = Time resting spent in this place.
 E = Time spent auto-exploring this place.
 F = Levels seen in this place.
 G = Mean time per level.
                   A        B        C        D        E       F      G
               +--------+--------+--------+--------+--------+-----+--------+
         Total |   4837 |   4660 |    177 |    704 |   3158 |   5 |  967.4 |
       Dungeon |   4837 |   4660 |    177 |    704 |   3158 |   5 |  967.4 |
               +--------+--------+--------+--------+--------+-----+--------+

Top non-repeatable levels by time:
     D:4: 1571 daAuts
     D:3: 1289 daAuts
     D:1: 1034 daAuts
     D:2: 878 daAuts
     D:5: 63 daAuts
